 Dungeon Crawl Stone Soup version 0.18-a0-971-g0af6217 (webtiles) character file.

382 WhatIsLove the Covert (level 6, -4/41 HPs)
             Began as a Vampire Enchanter on Jan 2, 2016.
             Slain by Voifai the merfolk
             ... wielding a +1 trident of piercing
             ... created by the player character
              (12 damage)
             ... on level 4 of the Dungeon.
             The game lasted 00:09:32 (2813 turns).

WhatIsLove the Covert (Vampire Enchanter)           Turns: 2813, Time: 00:09:32

Health: -4/41      AC:  4    Str:  6    XL:     6   Next: 47%
Magic:  0/9        EV: 13    Int: 18    God:
Gold:   153        SH:  7    Dex: 17    Spells: 4 memorised, 0 levels left

rFire  . . .     SeeInvis +     h - +2 short sword (flame)
rCold  . . .     Gourm    .     b - +1 robe
rNeg   . . .     Faith    .     j - +2 buckler
rPois  .         Spirit   .     (no helmet)
rElec  .         Dismiss  .     q - +0 cloak
rCorr  .         Reflect  .     (no gloves)
SustAt .         Harm     .     (no boots)
MR     .....                    (no amulet)
Stlth  +++++.....               (no ring)
                                v - ring of wizardry

@: regenerating quickly, not resistant to hostile enchantments, quite stealthy
A: fangs 3, see invisible, unbreathing
a: no special abilities


You were on level 4 of the Dungeon.
You were very full.

You visited 1 branch of the dungeon, and saw 4 of its levels.

You collected 153 gold pieces.

Inventory:

Hand Weapons
 a - a +1 dagger
 h - a +2 short sword of flaming (weapon)
 r - a +2 quarterstaff of chaos
Armour
 b - a +1 robe (worn)
 j - a +2 buckler (worn)
 q - a +0 cloak (worn)
Jewellery
 v - a ring of wizardry (left hand)
Wands
 o - a wand of fireball (2/15)
Scrolls
 f - 2 scrolls of teleportation {unknown}
 i - a scroll of remove curse {unknown}
 l - 2 scrolls of identify {unknown}
 m - a scroll of noise {unknown}
 n - 2 scrolls of amnesia {unknown}
 t - a scroll of enchant armour {unknown}
 w - a scroll of fear {unknown}
Potions
 d - 8 potions of blood
 e - a potion of invisibility {unknown}
 g - 2 potions of curing {unknown}
 k - 2 potions of haste {unknown}
 p - 2 potions of flight {unknown}
 s - a potion of brilliance {unknown}
Books
 c - a book of Maledictions

   Spells                             Type                      Level
   a - Corona                         Hexes                        1
   b - Ensorcelled Hibernation        Hexes/Ice                    2
   c - Confuse                        Hexes                        3
   d - Tukima's Dance                 Hexes                        3
   e - Dazzling Spray                 Conjuration/Hexes            3
Miscellaneous
 u - a plain deck of wonders {drawn: 3}


   Skills:
 - Level 1.1 Short Blades
 - Level 2.1 Dodging
 + Level 8.4 Stealth
 - Level 4.2 Shields
 - Level 2.0 Spellcasting
 - Level 4.4 Hexes


You couldn't memorise any spells.
You knew the following spells:

 Your Spells              Type           Power        Failure   Level  Hunger
a - Corona                Hex            ###....      1%          1    #......
c - Confuse               Hex            ###.....     4%          3    ###....
e - Ensorcelled Hibernat  Hex/Ice        #.....       4%          2    ###....
t - Tukima's Dance        Hex            ###.....     4%          3    ###....


Dungeon Overview and Level Annotations

Branches:
Dungeon (4/15)
 Temple: D:4-7

Altars:
Elyvilon
Fedhas
Nemelex Xobeh
Trog
Vehumet
Zin


Innate Abilities, Weirdness & Mutations

Your natural rate of healing is unusually fast.
You have razor-sharp teeth.
You have supernaturally acute eyesight.
You can survive without breathing.


Message History

Confirm with . or Enter, or press ? or * to list all spells.
Aiming: Confuse
Press: ? - help, Shift-Dir - straight line, f/p - Voifai
Aim: Voifai the merfolk, wielding a trident of piercing and wearing an embroidered robe (durably summoned, chance to defeat MR: 30%) Voifai easily resists.
The orc shouts!
Voifai hits you with a trident of piercing!!
Ouch! That really hurt!
* * * LOW HITPOINT WARNING * * *
x2 The orc shouts!
Unknown command.
Casting: Confuse
Confirm with . or Enter, or press ? or * to list all spells.
Aiming: Confuse
Press: ? - help, Shift-Dir - straight line, f/p - Voifai
Aim: Voifai the merfolk, wielding a trident of piercing and wearing an embroidered robe (durably summoned, chance to defeat MR: 30%) Voifai easily resists.
* * * LOW MAGIC WARNING * * *
Voifai hits you with a trident of piercing!
You die...

...... #...o .. #...# .##
#...# .. #o..# #.#### #
#...#...o.. #........
###m####8# ##...V#..#
+.....#.## ###.#.#.#
#.....#.# #.# #.#.#...###
#.. #.#......8#### #[## #
#.#........# ...
#.#........#
..############.#........#


You could see Voifai the merfolk and an orc.

Vanquished Creatures
  A scorpion (D:4)
  An orc priest (D:4)
  Crazy Yiuf (D:2)
  2 orc wizards (D:4)
  Jessica (D:2)
  2 worker ants
  7 adders
  An ooze (D:2)
  An adder skeleton (D:4)
  A giant gecko (D:1)
  5 orcs
  A giant cockroach (D:4)
  9 goblins
  8 hobgoblins
  5 jackals
  A quokka (D:3)
  A ball python (D:3)
  12 bats
  2 giant newts (D:2)
  8 kobolds
  6 rats
76 creatures vanquished.

Vanquished Creatures (others)
  A jackal (D:3)
1 creature vanquished.

Grand Total: 77 creatures vanquished

Notes
Turn   | Place    | Note
--------------------------------------------------------------
     0 | D:1      | WhatIsLove the Vampire Enchanter began the quest for the Orb.
     0 | D:1      | Reached XP level 1. HP: 13/13 MP: 3/3
   101 | D:1      | Reached skill level 5 in Stealth
   164 | D:1      | Reached XP level 2. HP: 14/19 MP: 3/5
   168 | D:1      | Learned a level 2 spell: Ensorcelled Hibernation
   601 | D:1      | Reached skill level 6 in Stealth
   900 | D:2      | Noticed Jessica
   911 | D:2      | Killed Jessica
   911 | D:2      | Reached XP level 3. HP: 11/24 MP: 1/6
  1032 | D:2      | Reached skill level 1 in Shields
  1055 | D:2      | Reached skill level 7 in Stealth
  1130 | D:2      | Reached XP level 4. HP: 28/30 MP: 7/7
  1148 | D:2      | Found a radiant altar of Vehumet.
  1202 | D:2      | Learned a level 3 spell: Confuse
  1423 | D:2      | Found a bloodstained altar of Trog.
  1423 | D:2      | Found a glowing silver altar of Zin.
  1651 | D:2      | Noticed Crazy Yiuf
  1661 | D:2      | Killed Crazy Yiuf
  1661 | D:2      | Reached XP level 5. HP: 35/35 MP: 1/8
  2016 | D:3      | Found a white marble altar of Elyvilon.
  2127 | D:3      | Found a blossoming altar of Fedhas.
  2421 | D:4      | Found a sparkling altar of Nemelex Xobeh.
  2427 | D:4      | Drew Focus: Int increased to 18, Str decreased to 6
  2428 | D:4      | Noticed Voifai
  2691 | D:4      | Reached XP level 6. HP: 38/41 MP: 6/9
  2712 | D:4      | Learned a level 3 spell: Tukima's Dance
  2748 | D:4      | Reached skill level 8 in Stealth
  2813 | D:4      | Slain by Voifai the merfolk

Vault maps used:
D:1:      dpeg_arrival_rooms_b, kennysheep_pointless_box, st_stairs_9,
          hangedman_decor_diamond_cutter
D:2:      gammafunk_temple_overflow_elements, overflow_temple_1_default,
          minmay_stone_trees_small, uniq_jessica, uniq_crazy_yiuf_cottage
D:3:      lemuel_doored_altar, first_bread, minivault_26, elyvilon_altar_4
D:4:      lightli_ossuary_entry_decrepit_ruins, nemelex_deck

Action                   |  1- 3 |  4- 6 || total
-------------------------+-------+-------++-------
Melee: Dagger            |    26 |       ||    26
       Short sword       |    27 |    98 ||   125
 Cast: Corona            |     4 |       ||     4
       Ensorcelled Hiber |     7 |    20 ||    27
       Confuse           |       |    14 ||    14
 Abil: End Transformatio |       |     3 ||     3
       Bat Form          |       |     3 ||     3
Evoke: Deck              |       |     3 ||     3
  Use: Potion            |       |    10 ||    10
 Stab: Sleeping          |    13 |    23 ||    36
       Confused          |       |     2 ||     2
